 Dungeon Crawl Stone Soup version 0.30-a0-738-g116ff8c4af (webtiles) character file.

Game seed: 7544253257900851401

66 IdlyInterested the Cudgeller (level 3, -5/28 HPs)
             Began as a Demonspawn Gladiator on Feb 3, 2023.
             Slain by Grinder (8 damage)
             ... on level 3 of the Dungeon.
             The game lasted 00:04:26 (1965 turns).

IdlyInterested the Cudgeller (Demonspawn Gladiator) Turns: 1965, Time: 00:04:27

Health: -5/28      AC: 13    Str: 16    XL:     3   Next: 96%
Magic:  3/3        EV:  7    Int:  9    God:
Gold:   153        SH:  0    Dex: 14    Spells: 2/2 levels left

rFire   . . .      SeeInvis .    a - +1 flail
rCold   . . .      Faith    .    (no shield)
rNeg    . . .      Spirit   .    h - +0 chain mail
rPois   .          Reflect  .    c - +0 helmet
rElec   .          Harm     .    t - +0 cloak
rCorr   .          Rampage  .    (no gloves)
Will    .....                    q - +0 pair of boots Stlth
                                 (no amulet)
HPRegen 0.24/turn                (no ring)
MPRegen 0.08/turn                (no ring)

@: attractive
A: claws 1, yellow scales 1
a: no special abilities


You were on level 3 of the Dungeon.
You visited 1 branch of the dungeon, and saw 3 of its levels.

You collected 153 gold pieces.

Inventory:

Hand Weapons
 a - a +1 flail (weapon)
Missiles
 d - 5 throwing nets
 e - a javelin
 j - 33 stones (quivered)
 m - 9 poisoned darts
Armour
 c - a +0 helmet (worn)
 h - a +0 chain mail (worn)
 q - a +0 pair of boots (worn)
 s - a +0 kite shield
 t - a +0 cloak (worn)
Wands
 i - a wand of iceblast (8)
 n - a wand of paralysis (15)
Scrolls
 r - 2 scrolls of teleportation
Potions
 b - 3 potions of attraction
 f - 2 potions of lignification {unknown}
 g - a potion of heal wounds {unknown}
 k - 2 potions of degeneration {unknown}
 l - 2 potions of cancellation {unknown}
 o - a potion of curing {unknown}
 p - 2 potions of haste


   Skills:
 + Level 2.9 Fighting
 * Level 4.0 Maces & Flails
 - Level 1.7 Throwing
 - Level 2.6 Dodging


You had 2 spell levels left.
You didn't know any spells.
Your spell library contained the following spells:

 Spells                   Type           Power      Damage    Failure   Level
 Necrotise                Necr           0%         1d4       100%        1
 Vampiric Draining        Necr           0%         2d6       100%        3
 Agony                    Necr           0%         N/A       100%        5


Dungeon Overview and Level Annotations

Branches:
Dungeon (3/15)

Altars:

Annotations:
D:3 Grinder


Innate Abilities, Weirdness & Mutations

You have sharp fingernails.
You are partially covered in yellow scales. (AC +2)


Message History

Pain shoots through your body!
You barely miss Grinder. Grinder closely misses you.
Grinder completely misses you.
You closely miss Grinder. Grinder hits you but does no damage.
Grinder completely misses you.
You barely miss Grinder. Grinder closely misses you.
Grinder blinks!
The endoplasm hits you but does no damage.
Grinder says, "At least Makhleb appreciates what I'm doing."
You hit the endoplasm.
The endoplasm is lightly wounded.
The endoplasm barely misses you. Grinder gestures at you.
Pain shoots through your body! The endoplasm freezes you.
You are frozen.
You hit the endoplasm but do no damage.
The endoplasm is lightly wounded.
Grinder blinks!
Grinder says, "At least Makhleb appreciates what I'm doing."
The endoplasm hits you but does no damage.
You hit the endoplasm.
The endoplasm is moderately wounded.
The endoplasm hits you but does no damage.
Grinder blinks!
You hit the endoplasm but do no damage.
The endoplasm is moderately wounded.
The endoplasm hits you.
You thump the endoplasm!
You kill the endoplasm!
Your Maces & Flails skill increases to level 4!
You start resting.
Grinder is nearby!
Okay, then.
Grinder gestures at you. Pain shoots through your body!
* * * LOW HITPOINT WARNING * * *
It was a potion of attraction.
You feel attractive to monsters. Grinder hits you!
You die...

# # ### ########..
#################.........
........5@........######..
######..########## ###
#..# # #..# ##### # .....
.....## ....##.# #...
#.#..# # ###. #.#.## #.
....# #.


You could see Grinder (fast).

Vanquished Creatures
  3 adders (D:3)
  A worm (D:3)
  3 endoplasms
  A giant cockroach (D:2)
  4 goblins
  4 hobgoblins
  4 jackals (D:1)
  2 quokkas
  2 ball pythons
  5 bats
  4 frilled lizards
  A kobold (D:2)
  2 rats
36 creatures vanquished.

Notes
Turn   | Place    | Note
-------+----------+-------------------------------------------
     0 | D:1      | IdlyInterested the Demonspawn Gladiator began the quest for
                  | the Orb.
     0 | D:1      | Reached XP level 1. HP: 16/16 MP: 1/1
   134 | D:1      | Reached skill level 3 in Maces & Flails
   219 | D:1      | Found a faded altar of an unknown god.
   311 | D:1      | Gained mutation: You are partially covered in yellow
                  | scales. (AC +2) [demonic ancestry]
   311 | D:1      | Reached XP level 2. HP: 18/22 MP: 2/2
  1518 | D:3      | Gained mutation: You have sharp fingernails. [demonic
                  | ancestry]
  1518 | D:3      | Reached XP level 3. HP: 25/28 MP: 3/3
  1947 | D:3      | Noticed Grinder
  1947 | D:3      | Paralysed by Grinder for 2 turns
  1963 | D:3      | Reached skill level 4 in Maces & Flails
  1965 | D:3      | Slain by Grinder

Illustrated notes

Levels and vault maps discovered:
D:1:      mainiacjoe_arrival_reflecting_pool, layout_loops_corners,
          ebering_ecumenical_altar_webs, minmay_stone_trees_medium,
          minmay_misc_feat_rugged
D:2:      layout_basic
D:3:      layout_loops_ring, minmay_cupped, uniq_grinder

Skill      XL: |  1  2  3 |
---------------+----------+-----
Maces & Flails | 3 4 |  4.0
Fighting       | |  2.9
Throwing       | |  1.7
Dodging        | |  2.6

Action                     || total
---------------------------++-------
  Melee: Flail             ||   136
    Use: Scroll            ||     3
         Potion            ||     1
 Armour: Chain mail        ||   127
         Leather armour    ||     1
  Dodge: Dodged            ||    58
  Block: Kite shield       ||    24

Table legend: (Time is in decaauts)
 A = Elapsed time spent in this place.
 B = Non-inter-level travel time spent in this place.
 C = Inter-level travel time spent in this place.
 D = Time resting spent in this place.
 E = Time spent auto-exploring this place.
 F = Levels seen in this place.
 G = Mean time per level.
                   A        B        C        D        E       F      G
               +--------+--------+--------+--------+--------+-----+--------+
         Total |   2002 |   1828 |    174 |     17 |   1272 |   3 |  667.3 |
       Dungeon |   2002 |   1828 |    174 |     17 |   1272 |   3 |  667.3 |
               +--------+--------+--------+--------+--------+-----+--------+

Top non-repeatable levels by time:
     D:1: 968 daAuts
     D:2: 648 daAuts
     D:3: 384 daAuts
